 Dungeon Crawl Stone Soup version 0.22.1-1-ga44c0e5 (webtiles) character file.

117 gbos the Changer (level 4, 0/35 HPs)
             Began as a Draconian Transmuter on Oct 1, 2018.
             Slain by a gnoll
             ... wielding a +0 whip
              (8 damage)
             ... on level 3 of the Dungeon.
             The game lasted 00:04:53 (2396 turns).

gbos the Changer (Draconian Transmuter)             Turns: 2396, Time: 00:04:54

Health: 0/35       AC:  5    Str: 13    XL:     4   Next: 71%
Magic:  7/7        EV: 17    Int: 14    God:
Gold:   116        SH:  0    Dex: 16    Spells: 6/7 levels left

rFire    . . .     SeeInvis .     - Unarmed
rCold    . . .     Gourm    .   (no shield)
rNeg     . . .     Faith    .   (armour unavailable)
rPois    .         Spirit   .   (helmet restricted)
rElec    .         Reflect  .   (no cloak)
rCorr    .         Harm     .   (no gloves)
MR       .....                  (no boots)
Stlth    ++........             (no amulet)
HPRegen  0.11/turn              (no ring)
MPRegen  0.10/turn              (no ring)

@: agile
A: unfitting armour, cold-blooded, AC +5
a: no special abilities


You were on level 3 of the Dungeon.
You were hungry.

You visited 1 branch of the dungeon, and saw 3 of its levels.

You collected 116 gold pieces.

Inventory:

Missiles
 a - 24 arrows
Jewellery
 h - an uncursed ring of poison resistance {unknown}
Scrolls
 d - a scroll of random uselessness {unknown}
 e - a scroll of magic mapping {unknown}
 g - a scroll of blinking {unknown}
 i - a scroll of enchant armour {unknown}
 k - a scroll of amnesia {unknown}
 l - a scroll of remove curse {unknown}
Potions
 j - a potion of magic
 m - a potion of degeneration {unknown}
Comestibles
 c - 3 rations
 f - a chunk of flesh


   Skills:
 - Level 1.1 Fighting
 + Level 1.8 Dodging
 * Level 3.0 Unarmed Combat
 + Level 2.0 Spellcasting
 + Level 4.9 Transmutations


You had 6 spell levels left.
You knew the following spells:

 Your Spells              Type           Power        Failure   Level  Hunger
a - Beastly Appendage     Tmut           ###...       3%          1    ##.....

Your spell library contained the following spells:

 Spells                   Type           Power        Failure   Level  Hunger
 Sticks to Snakes         Tmut           ###.....     4%          2    ###....
 Spider Form              Tmut/Pois      #.........   26%         3    ####...
 Ice Form                 Ice/Tmut       #.......     65%         4    #####..
 Blade Hands              Tmut           ###.......   65%         5    ######.


Dungeon Overview and Level Annotations

Branches:
Dungeon (3/15)

Altars:

Annotations:
D:2 exclusion: gnoll


Innate Abilities, Weirdness & Mutations

Your plain brown scales are hard. (AC +5)
You cannot fit into any form of body armour.
You are cold-blooded and may be slowed by cold attacks.


Message History

You hit the giant cockroach. Your kick misses the giant cockroach.
You tail-slap the giant cockroach.
You kill the giant cockroach!
You closely miss the gnoll. You claw the gnoll.
The gnoll is heavily wounded.
Your talons disappear.
The gnoll barely misses you.
You closely miss the gnoll. You tail-slap the gnoll.
The gnoll is heavily wounded.
The gnoll closely misses you.
You hit the gnoll. Your punch misses the gnoll.
The gnoll is severely wounded.
The gnoll closely misses you.
You hit the gnoll but do no damage.
The gnoll is severely wounded.
The gnoll hits you but does no damage.
You hit the gnoll.
The gnoll is almost dead.
The gnoll hits you with a whip!
You die...

.########
........# #
#@# #.. #g#
##...######.#
.......<....#
..........###
..........#
..........#
######....#
#....#


You could see a gnoll.

Vanquished Creatures
  Robin (D:2)
  A gnoll (D:3)
  2 adders (D:2)
  2 oozes
  5 dart slugs
  A leopard gecko (D:2)
  5 giant cockroaches
  12 goblins
  10 hobgoblins
  2 jackals (D:1)
  4 bats
  A frilled lizard (D:1)
  4 kobolds
  5 rats
55 creatures vanquished.

Notes
Turn   | Place    | Note
-------+----------+-------------------------------------------
     0 | D:1      | gbos the Draconian Transmuter began the quest for the Orb.
     0 | D:1      | Reached XP level 1. HP: 16/16 MP: 3/3
   188 | D:1      | Reached XP level 2. HP: 9/23 MP: 3/5
   404 | D:1      | Reached skill level 3 in Transmutations
   838 | D:1      | Reached XP level 3. HP: 26/28 MP: 4/6
  1502 | D:2      | Reached skill level 4 in Transmutations
  1659 | D:2      | Reached XP level 4. HP: 19/35 MP: 7/7
  2029 | D:2      | Noticed Robin
  2039 | D:2      | Killed Robin
  2396 | D:3      | Slain by a gnoll

Skill      XL: |  1  2  3 |
---------------+----------+-----
Transmutations | 3 4 |  4.9
Fighting       | |  1.1
Dodging        | |  1.8
Unarmed Combat | |  3.0
Spellcasting   | |  2.0

Action                   |  1- 3 |  4- 6 || total
-------------------------+-------+-------++-------
Melee: Unarmed           |   143 |    77 ||   220
       Tailslap          |    12 |     8 ||    20
       Kick              |     9 |    10 ||    19
       Headbutt          |     8 |     5 ||    13
 Cast: Beastly Appendage |    27 |     7 ||    34
  Use: Potion            |     3 |     3 ||     6
  Eat: Chunk             |     3 |     2 ||     5
Armor: Skin              |    40 |    11 ||    51
Dodge: Dodged            |    82 |    51 ||   133
